 Dungeon Crawl Stone Soup version 0.30.1-11-g7821555f0a (webtiles) character file.

Game seed: 1177664173781103004

165 andronian the Poker (level 5, 0/38 HPs)
             Began as a Merfolk Monk on Nov 28, 2023.
             Slain by an orc
             ... wielding a +1 hand axe of electrocution
              (3 damage)
             ... on level 3 of the Dungeon.
             The game lasted 00:03:54 (1885 turns).

andronian the Poker (Merfolk Monk)                  Turns: 1885, Time: 00:03:54

Health: 0/38       AC:  8    Str: 12    XL:     5   Next: 46%
Magic:  5/5        EV:  7    Int:  8    God:
Gold:   79         SH:  0    Dex: 21    Spells: 4/4 levels left

rFire   . . .        a - +0 spear
rCold   . . .        d - orb {light}
rNeg    . . .        l - +0 chain mail
rPois   .            (no helmet)
rElec   .            (no cloak)
rCorr   .            (no gloves)
SInv    .            (no boots)
Will    .....        (no amulet) Stlth
                     (no ring)
HPRegen 0.26/turn    (no ring)
MPRegen 0.09/turn

%: no passive effects
@: glowing
A: (nimble swimmer 2), mertail, agile 1, frail 1
a: no special abilities


You were on level 3 of the Dungeon.
You visited 1 branch of the dungeon, and saw 3 of its levels.

You collected 79 gold pieces.

Inventory:

Hand Weapons
 a - a +0 spear (weapon)
Armour
 b - a +0 robe
 d - an orb of light (worn)
 l - a +0 chain mail (worn)
Jewellery
 h - a ring of fire
 p - an amulet of reflection
Scrolls
 f - a scroll of identify {unknown}
 g - a scroll of poison {unknown}
 j - 2 scrolls of vulnerability {unknown}
 n - a scroll of blinking {unknown}
 o - a scroll of fog {unknown}
Potions
 c - a potion of ambrosia
 e - a potion of flight
 i - 2 potions of attraction


   Skills:
 + Level 4.5 Fighting
 * Level 6.9 Polearms
 - Level 4.0 Dodging


You had 4 spell levels left.
You didn't know any spells.
Your spell library was empty.

Dungeon Overview and Level Annotations

Branches:
Dungeon (3/15)

Altars:


Innate Abilities, Weirdness & Mutations

((You are very nimble when in or above water. (Stealth+, EV+, Speed+++)))
Your lower body shifts to a powerful aquatic tail in water.
You are agile. (Dex +4, Str/Int -1)
You are frail. (-10% HP)


Message History

The orc wizard is severely wounded.
The orc wizard hits you but does no damage.
You hit the orc wizard but do no damage.
The orc wizard is severely wounded.
The orc wizard hits you but does no damage.
You barely miss the orc wizard.
The orc wizard is severely wounded.
You hit the orc wizard but do no damage.
The orc wizard is severely wounded.
The orc wizard gestures at you while chanting.
The puff of flame hits you!
You hit the orc wizard but do no damage.
The orc wizard is severely wounded.
The orc wizard points at you and mumbles some strange words.
The magic dart hits you.
You hit the orc wizard.
You kill the orc wizard!
You barely miss the orc. You hit the orc.
The orc is lightly wounded.
The orc closely misses you.
You completely miss the orc.
The orc is lightly wounded.
The orc hits you but does no damage.
You hit the orc.
The orc is moderately wounded.
The orc hits you but does no damage.
You are electrocuted!
You hit the orc but do no damage.
The orc is moderately wounded.
The orc hits you but does no damage.
You are electrocuted!
* * * LOW HITPOINT WARNING * * *
You hit the orc but do no damage.
The orc is moderately wounded.
You hit the orc.
The orc is severely wounded.
The orc closely misses you.
You hit the orc.
The orc is almost dead.
The orc hits you with a +1 hand axe of electrocution.
You die...

..........#
####.#..###
.......†######.#
####..†........#
###.#........
#.#.#######
#.#)# #.#o#
#.#@# #.#.#
#.#.#
#.##########
#..........#
##########># #.#
#.##### #.#...#
.


You could see an orc.

Vanquished Creatures
  A scorpion (D:3)
  An orc wizard (D:3)
  2 adders (D:2)
  A worm (D:2)
  3 dart slugs (D:2)
  2 orcs (D:3)
  6 bats
  An endoplasm (D:2)
  A giant cockroach (D:2)
  5 goblins
  4 hobgoblins
  3 jackals (D:1)
  7 kobolds
  A quokka (D:2)
  6 ball pythons
  3 frilled lizards
  6 rats
53 creatures vanquished.

Notes
Turn   | Place    | Note
-------+----------+-------------------------------------------
     0 | D:1      | andronian the Merfolk Monk began the quest for the Orb.
     0 | D:1      | Reached XP level 1. HP: 18/18 MP: 1/1
   184 | D:1      | Reached XP level 2. HP: 21/24 MP: 2/2
   643 | D:2      | Reached skill level 5 in Polearms
   663 | D:2      | Reached XP level 3. HP: 30/30 MP: 3/3
  1186 | D:2      | Reached XP level 4. HP: 34/37 MP: 4/4
  1429 | D:3      | Noticed a scorpion
  1453 | D:3      | Gained mutation: You are frail. (-10% HP) [potion of
                  | mutation]
  1453 | D:3      | Gained mutation: You are agile. (Dex +4, Str/Int -1)
                  | [potion of mutation]
  1458 | D:3      | Killed a scorpion
  1459 | D:3      | Reached skill level 6 in Polearms
  1459 | D:3      | Reached XP level 5. HP: 6/38 MP: 5/5
  1832 | D:3      | Identified the +8 short sword of Anger {heavy, rPois rN+
                  | Will+}
  1885 | D:3      | Slain by an orc

Illustrated notes

Levels and vault maps discovered:
D:1:      kennysheep_arrival_forest, layout_rooms
D:2:      layout_loops_ring, minmay_increasing_density
D:3:      layout_loops_ring, serial_shops, shop, patterned_corridor

Skill      XL: |  1  2  3  4 |
---------------+-------------+-----
Polearms       | 5 6 |  6.9
Fighting       | 4 |  4.5
Dodging        | |  4.0

Action                     |  1- 3 |  4- 6 || total
---------------------------+-------+-------++-------
  Melee: Spear             |   143 |    65 ||   208
    Use: Potion            |       |     6 ||     6
 Armour: Robe              |     5 |       ||     5
         Chain mail        |    32 |    35 ||    67
  Dodge: Dodged            |    49 |    18 ||    67
